AoeStats
← Roidz4

Nomad

506120352Analyzed
2v2 RM · 21d ago on Sep 12, 2026· 53m 47s· 4 players
Game mode
Random Map
Map size
176×176
Population
200
Speed
Normal
Resources
Standard
Victory
Conquest
Starting age
Dark Age
Ending age
Imperial Age
RankedLock teamsTeams togetherTeam positionsShared explorationLock speedFull tech treeHidden civsTurbo modeCheats
Victory
Defeat
🇺🇾 Spanish · Uruguay
1227
+14
🇩🇴 Cumans · Dominican Republic
1095
+19
🇿🇦 Mongols · South Africa
1174
-17
🇵🇱 Khmer · Poland
1160
-16
kontakt
5:06 Loom
12:53 Feudal Age
20:01 Castle Age
18:50 Fletching
19:46 Town Watch
20:23 Stone Mining
23:11 Crossbowman
30:39 Pikeman
38:05 Horse Collar
45:10 Imperial Age
43:16 Wheelbarrow
43:26 Wheelbarrow
43:33 Gold Mining
44:38 Bodkin Arrow
44:54 Forging
45:26 Halberdier
47:22 Forging
47:13 Scale Mail Armor
47:13 Bracer
50:23 Onager
50:40 Capped Ram
Roidz4
12:20 Loom
14:30 Feudal Age
19:01 Castle Age
23:19 Scale Barding Armor
23:25 Forging
26:33 Bloodlines
34:04 Chain Barding Armor
34:20 Iron Casting
34:15 Chain Barding Armor
48:29 Imperial Age
50:24 Elite Steppe Lancer
Arietediron
15:09 Feudal Age
13:24 Loom
16:55 Wheelbarrow
16:15 Stone Mining
16:23 Double-Bit Axe
17:42 Fishing Lines
23:47 Padded Archer Armor
23:38 Fletching
23:16 Man-at-Arms
28:58 Castle Age
27:05 Scale Mail Armor
27:15 Forging
30:03 Bloodlines
33:06 Hand Cart
38:14 Gold Mining
38:36 Bodkin Arrow
38:56 Leather Archer Armor
39:42 Chain Mail Armor
40:03 Iron Casting
39:33 Scale Barding Armor
40:46 Gold Shaft Mining
45:26 Imperial Age
44:38 Arson
44:14 Long Swordsman
52:35 Onager
Sigma_222
5:47 Loom
13:03 Feudal Age
18:31 Forging
18:22 Scale Mail Armor
18:35 Bloodlines
22:07 Castle Age
20:54 Scale Barding Armor
22:25 Double-Bit Axe
23:52 Chain Barding Armor
25:41 Iron Casting
31:10 Sanctity
33:11 Horse Collar
38:08 Imperial Age
36:50 Husbandry
38:33 Bow Saw
38:25 Heavy Plow
38:14 Cavalier
40:15 Blast Furnace
41:57 Wheelbarrow
41:08 Town Watch
43:02 Plate Barding Armor
44:15 Gold Mining
44:16 Stone Mining
46:45 Paladin
47:23 Fletching
49:10 Conscription
51:01 Conscription
52:26 Bodkin Arrow
53:20 Hand Cart
53:06 Town Patrol
53:10 Bracer
53:11 Padded Archer Armor
54:19 Two-Man Saw
53:10 Elite Conquistador
Connection lost

Rejoining the realm…

Still unreachable

The connection could not be restored.

Session expired

The server has moved on; the page needs a fresh start.